 Dungeon Sprint DCSS version 0.17-a0-1450-g7e755d1 (webtiles) character file.

4722 shklvsk the Basher (level 10, 51/73 HPs)
             Began as a Demonspawn Abyssal Knight on June 30, 2015.
             Was the Champion of Lugonu.
             Starved to death
             ... in the Dungeon (Sprint IX: "|||||||||||||||||||||||||||||").
             The game lasted 00:13:10 (2328 turns).

shklvsk the Basher (Demonspawn Abyssal Knight)      Turns: 2328, Time: 00:13:10

Health: 51/73      AC: 18    Str: 17    XL:     10   Next: 22%
Magic:  19/19      EV: 12    Int: 13    God:    Lugonu [******]
Gold:   20         SH:  3    Dex: 18    Spells: 0 memorised, 9 levels left

rFire  . . .     SeeInvis .     o - +2 morningstar (crush)
rCold  . . .     Clarity  .     q - +1 chain mail
rNeg   . . .     SustAt   .     (no shield)
rPois  .         Gourm    .     (helmet restricted)
rElec  .         Spirit   .     (no cloak)
rCorr  .         Warding  .     a - +0 pair of gloves
rMut   .         NoTele   +     p - +0 pair of boots
MR     .....                    (no amulet)
Stlth  ..........               r - +3 ring of strength
                                b - +3 ring of dexterity

@: very slightly contaminated, starving, not resistant to hostile enchantments,
extremely unstealthy
A: antennae 2, large bone plates 2, demonic guardian 1
a: Bend Space, Banish, Corrupt, Renounce Religion


You were in the Dungeon.
You worshipped Lugonu.
Lugonu was exalted by your worship.
You were starving.

You visited 1 branch You collected 20 gold pieces.

Inventory:

Hand weapons
 o - a +2 morningstar of crushing (weapon)
Armour
 a - a +0 pair of gloves (worn)
 p - a +0 pair of boots (worn)
 q - a +1 chain mail (worn)
Jewellery
 b - a +3 ring of dexterity (left hand)
 r - a +3 ring of strength (right hand)
Magical devices
 n - a wand of draining (0)
Scrolls
 i - 2 scrolls of blinking
 j - 2 scrolls of enchant weapon
 l - 4 scrolls of remove curse
 m - 2 scrolls of amnesia
 s - a scroll of fear
 t - a scroll of identify
Potions
 c - a potion of might
 d - 6 potions of curing
 e - a potion of heal wounds
 g - 4 potions of magic
 h - 2 potions of berserk rage


   Skills:
 - Level 4.3 Fighting
 * Level 14.6 Maces & Flails
 + Level 10.8 Armour
 + Level 8.0 Dodging
 + Level 13.1 Invocations
 + Level 1.1 Evocations


You had 9 spell levels left.
You didn't know any spells.

Dungeon Overview and Level Annotations

Branches:
Dungeon (1/1)

Altars:
Cheibriados
Dithmenos
Elyvilon
Fedhas
Gozag
Kikubaaqudgha
Makhleb
Nemelex Xobeh
Okawaru
Qazlal
Ru
Sif Muna
Trog
Vehumet
Xom
Yredelemnul
Zin
The Shining One
Beogh
Jiyva
Lugonu


Innate Abilities, Weirdness & Mutations

You have a pair of antennae on your head.
You are mostly covered in large bone plates (AC +3, SH +3).
A weak demonic guardian rushes to your aid.


Message History

Unknown command.
Unknown command.
You hit the death yak but do no damage.
The death yak is moderately wounded.
You hit the death yak.
The death yak is moderately wounded.
You sock the death yak!
The death yak is heavily wounded.
You puncture the death yak!
The death yak is heavily wounded.
Your iron imp disappears in a puff of smoke!
Unknown command.
You hit the death yak but do no damage.
The death yak is heavily wounded.
The death yak is no longer petrified.
You puncture the death yak!
The death yak is severely wounded.
The death yak barely misses you.
You have starved to death.
You die... {{{{{{{{{{{{{ {{{{{{

{
▓▓▓▓▓▓▓▓▓▓▓▓▓▓▓▓▓▓▓▓▓▓▓▓▓▓▓▓▓▓▓▓▓
......'......[5§@YYYYY..YY..÷.÷..
▓▓▓▓▓▓▓▓▓▓▓▓▓▓▓▓▓▓▓▓▓▓▓▓▓▓▓▓▓▓▓▓▓
.................................
▓▓▓▓▓▓▓▓▓▓▓▓▓▓▓▓▓▓▓▓▓▓▓▓▓▓▓▓▓▓▓▓▓
...)'....÷'.....'________________
▓▓▓▓▓▓▓▓▓▓▓▓▓▓▓▓▓▓▓▓▓▓▓▓▓▓▓▓▓▓▓▓▓


You could see 3 death yaks, a catoblepas, a yak and a friendly crimson imp.

Vanquished Creatures
  A catoblepas (D)
  A death yak (D)
  A spiny frog (D)
  A blink frog (D)
  A yak (D)
  A hippogriff (D)
  A wyvern (D)
  A hungry ghost (D)
  A wolf (D)
  3 porcupines (D)
  A crocodile (D)
  4 giant frogs (D)
  2 hounds (D)
  2 iguanas (D)
  3 river rats (D)
  An adder zombie (D)
  An adder skeleton (D)
  2 giant geckos (D)
  4 goblins (D)
  2 hobgoblins (D)
  A quokka zombie (D)
  A rat (D)
36 creatures vanquished.

Vanquished Creatures (collateral kills)
  An ogre (D)
  A jackal zombie (D)
2 creatures vanquished.

Vanquished Creatures (others)
  A death yak (D)
  A cyclops (D)
  A boggart (shapeshifter) (D)
  A plant (D)
4 creatures vanquished.

Grand Total: 42 creatures vanquished

Notes
Turn   | Place    | Note
--------------------------------------------------------------
     0 | D        | shklvsk the Demonspawn Abyssal Knight began the quest for the Orb.
     0 | D        | Reached XP level 1. HP: 18/18 MP: 2/2
    13 | D        | Acquired Lugonu's second power
    18 | D        | Reached skill level 1 in Dodging
    29 | D        | Reached skill level 4 in Fighting
   277 | D        | Noticed an ogre
   277 | D        | Noticed a hound
   280 | D        | Acquired Lugonu's third power
   284 | D        | Gained mutation: A weak demonic guardian rushes to your aid. [demonic ancestry]
   284 | D        | Reached XP level 2. HP: 24/26 MP: 4/4
   307 | D        | Killed an ogre
   307 | D        | Acquired Lugonu's fourth power
   307 | D        | Gained mutation: You are partially covered in large bone plates (AC +2, SH +2). [demonic ancestry]
   307 | D        | Reached XP level 3. HP: 29/31 MP: 4/6
   316 | D        | Killed a hound
   316 | D        | Reached skill level 5 in Maces & Flails
   316 | D        | Gained mutation: You are mostly covered in large bone plates (AC +3, SH +3). [demonic ancestry]
   316 | D        | Reached XP level 4. HP: 22/38 MP: 4/7
   444 | D        | Found a glowing silver altar of Zin.
   444 | D        | Found a glowing golden altar of the Shining One.
   444 | D        | Found an ancient bone altar of Kikubaaqudgha.
   444 | D        | Found a basalt altar of Yredelemnul.
   444 | D        | Found a shimmering altar of Xom.
   444 | D        | Found a radiant altar of Vehumet.
   445 | D        | Found an iron altar of Okawaru.
   446 | D        | Found a burning altar of Makhleb.
   447 | D        | Found a deep blue altar of Sif Muna.
   448 | D        | Found a bloodstained altar of Trog.
   449 | D        | Found a sparkling altar of Nemelex Xobeh.
   450 | D        | Found a white marble altar of Elyvilon.
   451 | D        | Found a roughly hewn altar of Beogh.
   452 | D        | Found a viscous altar of Jiyva.
   453 | D        | Found a corrupted altar of Lugonu.
   454 | D        | Found a blossoming altar of Fedhas.
   455 | D        | Found a snail-covered altar of Cheibriados.
   456 | D        | Found a shadowy altar of Dithmenos.
   457 | D        | Found a stormy altar of Qazlal.
   458 | D        | Found an opulent altar of Gozag.
   459 | D        | Found a sacrificial altar of Ru.
   513 | D        | Noticed a hungry ghost
   513 | D        | Noticed an iguana
   513 | D        | Noticed a giant frog
   529 | D        | Killed a hungry ghost
   529 | D        | Reached skill level 7 in Maces & Flails
   529 | D        | Reached skill level 5 in Invocations
   529 | D        | Reached XP level 5. HP: 37/43 MP: 7/9
   535 | D        | Killed an iguana
   535 | D        | Acquired Lugonu's fifth power
   535 | D        | Reached skill level 8 in Maces & Flails
   544 | D        | Killed a giant frog
   544 | D        | Gained mutation: You have a pair of small antennae on your head. [demonic ancestry]
   544 | D        | Reached XP level 6. HP: 33/49 MP: 8/10
   645 | D        | Noticed a wyvern
   645 | D        | Noticed a black bear
   645 | D        | Noticed a cyclops
   645 | D        | Noticed a hound
   650 | D        | Noticed a wyvern
   650 | D        | a black bear changed into a wyvern
   652 | D        | Killed a wyvern
   652 | D        | Reached skill level 9 in Maces & Flails
   652 | D        | Reached skill level 5 in Armour
   652 | D        | Reached skill level 5 in Dodging
   814 | D        | Killed a hound
   814 | D        | Reached skill level 10 in Maces & Flails
   920 | D        | Banished a cyclops
   920 | D        | Reached XP level 7. HP: 32/55 MP: 10/12
  1123 | D        | Noticed Harold
  1125 | D        | Banished Harold
  1125 | D        | Reached skill level 11 in Maces & Flails
  1125 | D        | Reached XP level 8. HP: 61/61 MP: 13/13
  1180 | D        | Noticed a giant frog
  1180 | D        | Noticed an iguana
  1180 | D        | Noticed a porcupine
  1180 | D        | Noticed a wolf
  1187 | D        | Noticed a five-headed hydra
  1191 | D        | Killed a giant frog
  1192 | D        | Killed an iguana
  1195 | D        | Killed a porcupine
  1198 | D        | Banished a five-headed hydra
  1198 | D        | Reached skill level 12 in Maces & Flails
  1200 | D        | Killed a wolf
  1202 | D        | Noticed a hippogriff
  1204 | D        | Noticed a catoblepas
  1429 | D        | Killed a hippogriff
  1738 | D        | Noticed a spiny frog
  1738 | D        | Noticed a blink frog
  1738 | D        | Noticed a giant frog
  1738 | D        | Noticed a porcupine
  1738 | D        | Noticed a crocodile
  1738 | D        | Noticed a yak
  1742 | D        | Noticed a porcupine
  1746 | D        | Killed a spiny frog
  1746 | D        | Reached skill level 13 in Maces & Flails
  1746 | D        | Reached skill level 10 in Invocations
  1746 | D        | Gained mutation: You have a pair of antennae on your head. [demonic ancestry]
  1746 | D        | Reached XP level 9. HP: 61/66 MP: 14/16
  1751 | D        | Noticed a giant frog
  1753 | D        | Killed a blink frog
  1755 | D        | Killed a giant frog
  1758 | D        | Killed a porcupine
  1762 | D        | Killed a crocodile
  1780 | D        | Killed a yak
  1782 | D        | Killed a porcupine
  1787 | D        | Killed a giant frog
  2015 | D        | Noticed a death yak
  2015 | D        | Noticed a catoblepas
  2015 | D        | Noticed a catoblepas
  2015 | D        | Noticed a yak
  2015 | D        | Noticed a death yak
  2015 | D        | Noticed a death yak
  2077 | D        | Banished a catoblepas
  2194 | D        | Noticed a death yak
  2203 | D        | Noticed a death yak
  2293 | D        | Killed a death yak
  2293 | D        | Reached skill level 14 in Maces & Flails
  2293 | D        | Reached skill level 10 in Armour
  2310 | D        | Killed a catoblepas
  2310 | D        | Reached XP level 10. HP: 25/73 MP: 19/19
  2312 | D        | Killed a death yak
  2312 | D        | Reached skill level 1 in Evocations
  2328 | D        | Starved to death

Vault maps used:
D:        linesprint

Action                   |  1- 3 |  4- 6 |  7- 9 | 10-12 || total
-------------------------+-------+-------+-------+-------++-------
Melee: Mace              |    38 |       |       |       ||    38
       Morningstar       |       |    38 |   106 |     7 ||   151
Invok: Banish            |       |     1 |    10 |       ||    11
       Bend Space        |       |       |     4 |       ||     4
Evoke: Wand              |       |       |     4 |     3 ||     7
  Use: Potion            |       |       |     6 |     1 ||     7
       Scroll            |       |       |     1 |       ||     1
 Stab: Petrified         |       |       |     3 |       ||     3
       Distracted        |       |       |     1 |       ||     1
       Invisible         |       |       |     1 |       ||     1
       Petrifying        |       |       |     1 |       ||     1
  Eat: Chunk             |       |     1 |     2 |       ||     3
       Bread ration      |       |       |     1 |       ||     1
